 Dungeon Crawl Stone Soup version 0.29-a0-222-g5b244fca1f (console) character file.

Game seed: 12402767117586810791

221 jejorda2 the Shooter (level 5, -1/30 HPs)
             Began as a Tengu Hunter on Feb 27, 2022.
             Slain by a hound (5 damage)
             ... on level 4 of the Dungeon.
             The game lasted 00:07:20 (4293 turns).

jejorda2 the Shooter (Tengu Hunter)                 Turns: 4293, Time: 00:07:21

Health: -1/30      AC:  4    Str:  9 (12) XL:     5   Next: 98%
Magic:  6/6        EV: 14    Int: 10 (12) God:
Gold:   62         SH:  0    Dex: 15 (16) Spells: 4/4 levels left

rFire   . . .      SeeInvis .   a - +1 shortbow
rCold   . . .      Faith    .   (shield currently unavailable)
rNeg    . . .      Spirit   .   b - +0 leather armour
rPois   .          Reflect  .   f - +1 hat
rElec   .          Harm     .   (no cloak)
rCorr   .          Rampage  .   (no gloves)
Will    .....                   (boots unavailable)
Stlth   ++........              (no amulet)
HPRegen 0.10/turn               (no ring)
MPRegen 0.10/turn               (no ring)

@: flying quickly and evasively, hasted, very quick
A: beak, talons 3, nimble flight, wild magic 1
a: no special abilities


You were on level 4 of the Dungeon.
You visited 1 branch of the dungeon, and saw 4 of its levels.

You collected 111 gold pieces.
You spent 49 gold pieces at shops.

Inventory:

Hand Weapons
 a - a +1 shortbow (weapon)
Armour
 b - a +0 leather armour (worn)
 f - a +1 hat (worn)
Jewellery
 k - a +6 ring of intelligence
Scrolls
 c - 4 scrolls of identify {unknown}
 h - a scroll of vulnerability {unknown}
 i - a scroll of fog {unknown}
 m - a scroll of fear
 n - a scroll of teleportation {unknown}
 p - a scroll of magic mapping {unknown}
 q - a scroll of holy word {unknown}


   Skills:
 - Level 2.0 Fighting
 * Level 6.8 Bows
 - Level 2.1 Dodging
 + Level 3.5 Stealth


You had 4 spell levels left.
You didn't know any spells.
Your spell library contained the following spells:

 Spells                   Type           Power      Damage    Failure   Level
 Conjure Flame            Conj/Fire      0%         6-21      89%         3
 Ignite Poison            Fire/Tmut/Pois 0%         N/A       89%         3
 Sticky Flame             Conj/Fire      0%         2d3       99%         4


Dungeon Overview and Level Annotations

Branches:
Dungeon (4/15)
 Temple: D:4-7

Altars:

Shops:
D:2 *


Innate Abilities, Weirdness & Mutations

You have a beak for a mouth.
You have claws for feet.
Your magical nature lets you fly swiftly and evasively.
Your spells are a little harder to cast, but a little more powerful.


Message History

The hound is severely wounded.
You feel less confused. The hound closely misses you. The hound misses you.
The hound bites you. The hound closely misses you. The hound bites you.
The hound bites you.
You see here a +0 tower shield.
Unknown command.
Shoot: a) +1 shortbow
Press: ? - help, Q - select action Shift-Dir - straight line, p - hound
Okay, then.
Unknown command.
It was a potion of degeneration.
There was something very wrong with that liquid.
You feel weakened.
You feel dopey.
You feel clumsy. The hound bites you but does no damage.
The hound closely misses you.
It was a potion of magic.
Magic courses through your body. The hound bites you but does no damage.
It was a potion of mutation.
You feel extremely strange.
You feel less in control of your magic. The hound bites you but does no damage.
The hound completely misses you.
It was a potion of haste.
You feel yourself speed up. The hound bites you but does no damage.
Shoot: a) +1 shortbow
Press: ? - help, Q - select action Shift-Dir - straight line, p - hound You shoot an arrow.
The arrow misses the hound.
The hound bites you.
* * * LOW HITPOINT WARNING * * *
Shoot: a) +1 shortbow
Press: ? - help, Q - select action Shift-Dir - straight line You shoot an arrow.
The arrow barely misses the hound.
The hound barely misses you.
Shoot: a) +1 shortbow
Press: ? - help, Q - select action Shift-Dir - straight line You shoot an arrow.
The arrow misses the hound.
The hound bites you.
* * * LOW HITPOINT WARNING * * *
The hound bites you.
You die...

. ....##############
#....@h{.......# ###
....############.####
#.. . #.....# #.#
#.###.## #.# #.# #..#
... #.###.## #.#
#.....# #.# .#
##..### #.##.#
#.).###.##


You could see a hound.

Vanquished Creatures
  An orc wizard (D:4)
  4 gnolls
  7 adders
  An ufetubus (D:2)
  A dart slug (D:4)
  8 orcs
  5 endoplasms
  2 giant cockroaches
  10 goblins
  5 hobgoblins
  9 jackals
  5 kobolds
  5 quokkas
  4 ball pythons
  2 bats (D:3)
  5 frilled lizards
  4 rats
78 creatures vanquished.

Notes
Turn   | Place    | Note
-------+----------+-------------------------------------------
     0 | D:1      | jejorda2 the Tengu Hunter began the quest for the Orb.
     0 | D:1      | Reached XP level 1. HP: 12/12 MP: 2/2
   238 | D:1      | Reached XP level 2. HP: 2/17 MP: 3/3
   944 | D:1      | Reached skill level 5 in Bows
  1260 | D:1      | Reached XP level 3. HP: 21/21 MP: 4/4
  1751 | D:2      | Found a faded altar of an unknown god.
  1856 | D:2      | Identified the +4 dagger of the Salmon {venom, Str+3}
  1971 | D:2      | Found Mefuuvat's General Store.
  1976 | D:2      | Bought a scroll of fear for 49 gold pieces
  2203 | D:3      | Reached XP level 4. HP: 22/26 MP: 5/5
  2535 | D:3      | Reached skill level 6 in Bows
  2664 | D:3      | Gained mutation: Your magical nature lets you fly swiftly
                  | and evasively. [Tengu growth]
  2664 | D:3      | Reached XP level 5. HP: 9/30 MP: 6/6
  3858 | D:4      | HP: 1/30 [something/magic dart (10)]
  4289 | D:4      | Gained mutation: Your spells are a little harder to cast,
                  | but a little more powerful. [potion of mutation]
  4293 | D:4      | Slain by a hound

Illustrated notes

Levels and vault maps discovered:
D:1:      amcnicky_arrival_flooded_fountain, layout_loops_ring, serial_forest,
          infiniplex_forest_lined_corner, infiniplex_forest_end_3,
          infiniplex_forest_lined_room_, infiniplex_forest_lined_3_way,
          infiniplex_forest_straight_4
D:2:      layout_basic, chequers_ecumenical_altar_simple, serial_shops,
          nicolae_shop_trees, minmay_misc_feat_rows, roderic_lattice_a
D:3:      layout_basic, lemuel_another_geyser
D:4:      layout_loops_ring, trog_butcher_becter, pf_guarded_unrand_woodcutter

Skill      XL: |  1  2  3  4  5 |
---------------+----------------+-----
Bows           | 5 6 |  6.8
Stealth        | 2 3 |  3.5
Fighting       | |  2.0
Dodging        | |  2.1

Action                   |  1- 3 |  4- 6 || total
-------------------------+-------+-------++-------
Melee: Shortbow          |       |     2 ||     2
       Kick              |       |     1 ||     1
 Fire: Shortbow          |   118 |   120 ||   238
  Use: Potion            |       |     7 ||     7
Armor: Leather armour    |    16 |    18 ||    34
Dodge: Dodged            |    37 |    60 ||    97

Table legend: (Time is in decaauts)
 A = Elapsed time spent in this place.
 B = Non-inter-level travel time spent in this place.
 C = Inter-level travel time spent in this place.
 D = Time resting spent in this place.
 E = Time spent auto-exploring this place.
 F = Levels seen in this place.
 G = Mean time per level.
                   A        B        C        D        E       F      G
               +--------+--------+--------+--------+--------+-----+--------+
         Total |   4289 |   4217 |     72 |    173 |   3495 |   4 | 1072.2 |
       Dungeon |   4289 |   4217 |     72 |    173 |   3495 |   4 | 1072.2 |
               +--------+--------+--------+--------+--------+-----+--------+

Top non-repeatable levels by time:
     D:3: 1523 daAuts
     D:1: 1446 daAuts
     D:2: 735 daAuts
     D:4: 584 daAuts
